 Dungeon Crawl Stone Soup version 0.30.1-11-g7821555f0a (webtiles) character file.

Game seed: 6875480144545566706

2137 Ijustatesigmund the Shield-Bearer (level 9, -20/56 HPs)
             Began as an Octopode Conjurer on Jan 4, 2024.
             Was a Follower of Vehumet.
             Demolished by a two-headed ogre
             ... wielding a +0 giant club
              (23 damage)
             ... on level 7 of the Dungeon.
             The game lasted 00:17:14 (8927 turns).

Ijustatesigmund the Shield-Bearer (OpCj)            Turns: 8927, Time: 00:17:16

Health: -20/56     AC:  1    Str:  7    XL:     9   Next: 30%
Magic:  8/16       EV: 13    Int: 24    God:    Vehumet [*.....]
Gold:   262        SH:  8    Dex: 16    Spells: 11/18 levels left

rFire   . . .        b - +3 rapier (vamp)
rCold   . . .        w - +2 buckler
rNeg    . . .        (helmet restricted)
rPois   +            (no amulet)
rElec   .            h - +6 ring of dexterity
rCorr   .            o - ring of poison resistance
SInv    .            (no ring)
Will    .....        (no ring)
Stlth   +++          (no ring)
HPRegen 0.29/turn    (no ring)
MPRegen 0.15/turn    (no ring)
                     (no ring)

%: no passive effects
@: no status effects
A: almost no armour, amphibious, 8 rings, camouflage 1, gelatinous body 1,
(nimble swimmer 1), tentacles
a: Renounce Religion


You were on level 7 of the Dungeon.
You worshipped Vehumet.
Vehumet was aware of your devotion.
You visited 2 branches of the dungeon, and saw 8 of its levels.

You collected 290 gold pieces.
You spent 28 gold pieces at shops.

Inventory:

Hand Weapons
 b - a +3 vampiric rapier (weapon)
Armour
 w - a +2 buckler (worn)
Jewellery
 d - a ring of fire
 h - a +6 ring of dexterity (left tentacle)
 o - a ring of poison resistance (right tentacle)
Wands
 j - a wand of polymorph (12)
 s - a wand of flame (18)
 u - a wand of digging (5)
Scrolls
 f - 2 scrolls of noise {unknown}
 g - 3 scrolls of enchant weapon
 l - a scroll of teleportation
 r - a scroll of immolation
 v - 2 scrolls of magic mapping {unknown}
Potions
 a - a potion of magic
 e - 3 potions of brilliance
 k - a potion of berserk rage
 m - 2 potions of curing
 n - a potion of lignification {unknown}
 p - 2 potions of resistance {unknown}
 q - a potion of attraction {unknown}
 x - a potion of degeneration {unknown}
 z - a potion of mutation {unknown}


   Skills:
 - Level 3.0 Fighting
 - Level 3.1 Dodging
 - Level 2.6 Stealth
 - Level 7.0 Shields
 + Level 5.1 Spellcasting
 + Level 6.5 Conjurations
 + Level 4.4 Translocations


You had 11 spell levels left.
You knew the following spells:

 Your Spells              Type           Power      Damage    Failure   Level
a - Magic Dart            Conj           100%       1d8       1%          1
b - Searing Ray           Conj           74%        2d7       1%          2
c - Iskenderun's Mystic   Conj/Tloc      32%        2d8       13%         4

Your spell library contained the following spells:

 Spells                   Type           Power      Damage    Failure   Level
 Kiss of Death            Conj/Necr      84%        2d11      3%          1
 Dazzling Flash           Conj/Hex       42%        N/A       10%         3
 Fulminant Prism          Conj/Hex       10%        3d8       32%         4


Dungeon Overview and Level Annotations

Branches:
Dungeon (6/15)             Temple (1/1) D:4

Altars:
Ashenzari
Cheibriados
Gozag
Hepliaklqana
Kikubaaqudgha
Okawaru
Qazlal
Trog
Uskayaw
Vehumet
Wu Jian
Xom
Yredelemnul
Zin
The Shining One

Shops:
D:5 **[

Annotations:
D:3 1 runed translucent door


Innate Abilities, Weirdness & Mutations

You cannot wear most types of armour.
You are amphibious.
You can wear up to eight rings at the same time.
Your skin changes colour to match your surroundings (Stealth+).
Your rubbery body absorbs attacks. (AC +1, EV +1)
((You are camouflaged when in or above water. (Stealth+)))
You have tentacles for arms and can constrict up to eight enemies at once.


Message History

The two-headed ogre is lightly wounded.
Casting: Magic Dart (safe; 1% risk of failure)
Confirm with . or Enter, or press ? or * to list all spells.
Aiming: Magic Dart (safe; 1% risk of failure)
Press: ? - help, Shift-Dir - straight line, f/p - two-headed ogre
Aim: a two-headed ogre, wielding a +0 giant club and a +0 giant spiked club (lightly wounded, 100% to hit)
The magic dart hits the two-headed ogre.
The two-headed ogre is moderately wounded.
Casting: Magic Dart (safe; 1% risk of failure)
Confirm with . or Enter, or press ? or * to list all spells.
Aiming: Magic Dart (safe; 1% risk of failure)
Press: ? - help, Shift-Dir - straight line, f/p - two-headed ogre
Aim: a two-headed ogre, wielding a +0 giant club and a +0 giant spiked club (moderately wounded, 100% to hit)
The magic dart hits the two-headed ogre.
The two-headed ogre is moderately wounded.
Casting: Magic Dart (safe; 1% risk of failure)
Confirm with . or Enter, or press ? or * to list all spells.
Aiming: Searing Ray (safe; 1% risk of failure)
Press: ? - help, Shift-Dir - straight line, f/p - two-headed ogre
Aim: a two-headed ogre, wielding a +0 giant club and a +0 giant spiked club (moderately wounded, 91% to hit)
The searing ray hits the two-headed ogre!
The two-headed ogre is heavily wounded. (Press . to maintain the ray.)
The searing ray hits the two-headed ogre.
The two-headed ogre is heavily wounded.
The searing ray hits the two-headed ogre!
The two-headed ogre is severely wounded.
The two-headed ogre hits you with a +0 giant club!!
Ouch! That really hurt!
* * * LOW HITPOINT WARNING * * *
The two-headed ogre hits you with a +0 giant spiked club!
* * * LOW HITPOINT WARNING * * *
The searing ray hits the two-headed ogre.
The two-headed ogre is almost dead.
The searing ray hits the wight.
The wight is moderately damaged.
You finish channelling your searing ray.
You block the wight's attack.
The two-headed ogre hits you with a +0 giant club!!
You die...

..##...##..#F.#
#..##g #..##h.#
##..#.#..##...#
.##..#..##....#
..###.###gO..##
.....l......##
......O......##
......###.....####
....o.........zO@#
...O.##.....#....#
.....h....###...##
......####....#.#
......# #...###
......# #####
.......# .....###
)..###


You could see a two-headed ogre and a wight.

Vanquished Creatures
  A two-headed ogre (D:7)
  Edmund (D:4)
  A water moccasin (D:5)
  3 black bears
  2 centaurs (D:5)
  A kobold brigand (D:7)
  A bullfrog (D:5)
  Blork the orc (D:4)
  2 scorpions
  A jelly (D:5)
  4 orc priests
  2 hounds
  A sleepcap (D:5)
  An iguana (D:7)
  4 orc wizards
  4 gnolls
  6 adders
  A shadow imp (D:5)
  2 worms
  3 dart slugs
  19 orcs
  2 ball pythons
  9 endoplasms
  4 giant cockroaches
  5 goblins
  10 hobgoblins
  4 quokkas
  5 bats
  3 frilled lizards
  A goblin skeleton (D:3)
  8 kobolds
  5 rats
117 creatures vanquished.

Notes
Turn   | Place    | Note
-------+----------+-------------------------------------------
     0 | D:1      | Ijustatesigmund the Octopode Conjurer began the quest for
                  | the Orb.
     0 | D:1      | Reached XP level 1. HP: 11/11 MP: 3/3
   391 | D:1      | Reached XP level 2. HP: 18/18 MP: 1/5
   395 | D:1      | Learned a level 2 spell: Searing Ray
   655 | D:1      | Reached skill level 1 in Fighting
  1091 | D:1      | Reached XP level 3. HP: 23/23 MP: 3/6
  1897 | D:2      | Reached XP level 4. HP: 29/29 MP: 1/8
  1904 | D:1      | Learned a level 4 spell: Iskenderun's Mystic Blast
  3128 | D:3      | Found a broken altar of Ashenzari.
  3249 | D:3      | Found a hide-covered altar of Uskayaw.
  3257 | D:3      | Found an ancient bone altar of Kikubaaqudgha.
  3333 | D:3      | Noticed a human
  3552 | D:3      | Found a runed translucent door.
  3586 | D:3      | Found a basalt altar of Yredelemnul.
  3774 | D:3      | HP: 1/29 [orc priest/divine providence (12)]
  3776 | D:3      | Reached skill level 1 in Translocations
  3776 | D:3      | Reached XP level 5. HP: 2/34 MP: 2/9
  4214 | D:3      | Noticed a black bear
  4227 | D:3      | Killed a black bear
  4228 | D:3      | Reached skill level 5 in Conjurations
  4228 | D:3      | Reached XP level 6. HP: 21/39 MP: 1/11
  4547 | D:4      | Found a staircase to the Ecumenical Temple.
  4557 | Temple   | Entered the Ecumenical Temple
  4596 | Temple   | Became a worshipper of Vehumet
  4626 | D:4      | Noticed Edmund
  4648 | D:4      | Killed Edmund
  4799 | D:4      | Noticed Blork the orc
  4809 | D:4      | Killed Blork the orc
  4810 | D:4      | Reached skill level 1 in Shields
  4810 | D:4      | Reached XP level 7. HP: 36/44 MP: 1/12
  5120 | D:4      | Reached skill level 2 in Shields
  5414 | D:4      | Reached skill level 3 in Shields
  5827 | D:5      | Entered Level 5 of the Dungeon
  5866 | D:5      | Reached skill level 4 in Shields
  5870 | D:5      | Reached skill level 5 in Shields
  6081 | D:5      | Reached XP level 8. HP: 47/50 MP: 10/13
  6462 | D:5      | Found a shimmering altar of Xom.
  6481 | D:5      | Reached skill level 6 in Shields
  6904 | D:5      | Reached * piety under Vehumet
  6904 | D:5      | Offered knowledge of Kiss of Death by Vehumet.
  7077 | D:5      | Found Ukhozohu's Armour Emporium.
  7204 | D:5      | Found an ornate altar of the Wu Jian Council.
  7284 | D:5      | Reached skill level 7 in Shields
  7655 | D:5      | Found a snail-covered altar of Cheibriados.
  7781 | D:5      | Found Beleinla's Specific Store.
  7782 | D:5      | Found Welac's General Store.
  7785 | D:5      | Bought a scroll of identify for 28 gold pieces
  8075 | D:6      | You fall into a shaft and drop 1 floor!
  8675 | D:7      | Noticed a two-headed ogre
  8675 | D:7      | Noticed a two-headed ogre
  8675 | D:7      | Noticed a troll
  8675 | D:7      | Noticed a two-headed ogre
  8675 | D:7      | Noticed a deep elf pyromancer
  8719 | D:7      | Identified the +9 war axe of Piut {freeze, rF+ rN+ Int+4}
  8727 | D:7      | Killed a two-headed ogre
  8728 | D:7      | Reached skill level 5 in Spellcasting
  8728 | D:7      | Reached XP level 9. HP: 22/56 MP: 3/16
  8926 | D:7      | HP: 2/56 [two-headed ogre/+0 giant club (11)]
  8927 | D:7      | Demolished by a two-headed ogre

Illustrated notes

Levels and vault maps discovered:
D:1:      mrwooster_arrival_statue, layout_loops_ring
D:2:      layout_basic
D:3:      layout_loops_corners, mainiacjoe_overflow_six_doors_small,
          ashenzari_conservatory_becter, dk_yredelemnul_ordeal,
          nicolae_kikubaaqudgha_miasma_corner
D:4:      layout_rooms, temple_green, minmay_liquid_box, serial_park_tiny_1,
          saegor_snake_ambush, uniq_edmund, uniq_blork_the_orc
D:5:      layout_loops_cross, chei_slow_surprise, xom_butterflies,
          pdpol_wu_jian_five_deadly_venoms, serial_shops, shop,
          nicolae_specific_store, nicolae_kite_square_tiling_tiny
D:6:      layout_basic, nicolae_ru_great_annihilating_truth,
          lemuel_coloured_pillars_altar, chequers_serial_rivers_room_a
D:7:      minmay_the_grid_octo_triangle [minmay_the_grid_octo_checkered,
          minmay_the_grid_octo_prize_star, minmay_the_grid_octo_focus],
          layout_cave_pools
Temple:   nicolae_temple_ecumenical_triangle

Skill      XL: |  1  2  3  4  5  6  7  8 |
---------------+-------------------------+-----
Fighting       | 1 3 |  3.0
Spellcasting   | 3 5 |  5.1
Translocations | 1 2 4 |  4.4
Conjurations   | 5 6 |  6.5
Dodging        | 3 |  3.1
Shields        | 1 5 7 |  7.0
Stealth        | |  2.6

Action                     |  1- 3 |  4- 6 |  7- 9 || total
---------------------------+-------+-------+-------++-------
  Melee: Unarmed           |     4 |       |       ||     4
         Constrict         |     3 |     6 |    16 ||    25
         Tentacles         |     1 |     5 |     9 ||    15
         Rapier            |     8 |    19 |    54 ||    81
   Cast: Magic Dart        |    56 |    54 |    68 ||   178
         Searing Ray       |       |     7 |    19 ||    26
         Iskenderun's Myst |       |       |     4 ||     4
  Evoke: Wand              |       |     9 |     8 ||    17
    Use: Scroll            |       |       |    12 ||    12
         Potion            |       |       |     5 ||     5
   Stab: Sleeping          |       |     1 |     2 ||     3
 Armour: Skin              |       |       |     3 ||     3
  Dodge: Dodged            |     6 |    23 |    50 ||    79
  Block: Buckler           |       |       |    28 ||    28
